 Dungeon Crawl Stone Soup version 0.30.1-4-g462c640d31 (webtiles) character file.

Game seed: 10047633838558259413

1318 FishyPogo the Insei (level 8, -3/61 HPs)
             Began as a Gnoll Transmuter on Aug 19, 2023.
             Slain by a cyclops (18 damage)
             ... on level 6 of the Dungeon.
             The game lasted 00:14:55 (4487 turns).

FishyPogo the Insei (Gnoll Transmuter)              Turns: 4487, Time: 00:14:56

Health: -3/61      AC: 17    Str: 10    XL:     8   Next: 59%
Magic:  17/17      EV: 15    Int: 20    God:
Gold:   463        SH:  4    Dex: 16    Spells: 12/19 levels left

rFire   . . .        a - +0 dagger (protect)
rCold   + + +        y - orb "Qeygecux" {*channel, rElec rPois rC+++ Str-3}
rNeg    . . .        s - +4 robe of Augmentation {Str+4 Int+4 Dex+4}
rPois   +            (helmet currently unavailable)
rElec   +            k - +0 cloak
rCorr   .            o - +0 pair of gloves
SInv    .            (boots currently unavailable)
Will    .....        (no amulet)
Stlth   +++          q - ring of flight
HPRegen 0.30/turn    (no ring)
MPRegen 0.15/turn

%: channel magic (20%)
@: appendages, under a protective aura, flying, hasted, very quick
A: horns 2, talons 2, fangs 1, strong nose, distributed training, iridescent
scales 1, large bone plates 1
a: End Transformation


You were on level 6 of the Dungeon.
You had temporarily grown beastly horns and talons.
You visited 1 branch of the dungeon, and saw 6 of its levels.

You collected 463 gold pieces.

Inventory:

Hand Weapons
 a - a +0 dagger of protection (weapon)
Missiles
 c - 70 stones
 g - 7 poisoned darts
 p - a throwing net
Armour
 k - a +0 cloak (worn)
 m - a +0 kite shield
 o - a +0 pair of gloves (worn)
 s - the +4 robe of Augmentation (worn) {Str+4 Int+4 Dex+4}
   (You found it on level 3 of the Dungeon)

   Str:       It affects your strength (+4).
   Int:       It affects your intelligence (+4).
   Dex:       It affects your dexterity (+4).
 y - the orb "Qeygecux" (worn) {*channel, rElec rPois rC+++ Str-3}
   (You found it on level 5 of the Dungeon)

   Str:       It affects your strength (-3).
   rC:        It renders you almost immune to cold.
   rElec:     It insulates you from electricity.
   rPois:     It protects you from poison.
Jewellery
 q - a ring of flight (left hand)
Wands
 f - a wand of flame (16)
 r - a wand of mindburst (10)
 x - a wand of roots (10)
Scrolls
 d - a scroll of identify {unknown}
 h - 3 scrolls of teleportation {unknown}
 j - 2 scrolls of enchant armour {unknown}
 l - 2 scrolls of noise {unknown}
 n - a scroll of silence {unknown}
 v - 2 scrolls of amnesia {unknown}
 w - a scroll of acquirement {unknown}
 B - a scroll of blinking {unknown}
Potions
 b - 3 potions of lignification
 e - a potion of attraction
 i - a potion of mutation
 t - a potion of flight {unknown}
 u - a potion of haste
 z - a potion of degeneration {unknown}
 A - a potion of might {unknown}
 C - a potion of heal wounds {unknown}
 D - a potion of magic {unknown}


   Skills:
 + Level 4.4 Fighting
 + Level 3.5 Short Blades
 + Level 3.5 Long Blades
 + Level 3.5 Axes
 + Level 3.5 Maces & Flails
 + Level 3.5 Polearms
 + Level 3.5 Staves
 + Level 3.5 Ranged Weapons
 + Level 3.5 Throwing
 + Level 3.5 Armour
 + Level 5.8 Dodging
 + Level 3.5 Stealth
 + Level 3.5 Shields
 + Level 7.5 Unarmed Combat
 + Level 6.2 Spellcasting
 + Level 2.9 Conjurations
 + Level 2.9 Hexes
 + Level 2.9 Summonings
 + Level 2.9 Necromancy
 + Level 2.9 Translocations
 + Level 4.8 Transmutations
 + Level 2.9 Fire Magic
 + Level 2.9 Ice Magic
 + Level 2.9 Air Magic
 + Level 2.9 Earth Magic
 + Level 2.9 Poison Magic
 + Level 3.9 Invocations
 + Level 3.5 Evocations


You had 12 spell levels left.
You knew the following spells:

 Your Spells              Type           Power      Damage    Failure   Level
a - Beastly Appendage     Tmut           50%        N/A       6%          1
b - Wereblood             Tmut           25%        N/A       9%          2
c - Spider Form           Tmut/Pois      21%        N/A       17%         3
l - Foxfire               Conj/Fire      68%        2x1d7     11%         1

Your spell library contained the following spells:

 Spells                   Type           Power      Damage    Failure   Level
 Ensorcelled Hibernation  Hex/Ice        34%        N/A       14%         2
 Lesser Beckoning         Tloc           34%        N/A       14%         2
 Static Discharge         Conj/Air       34%        2-4/arc   14%         2
 Gell's Gravitas          Tloc           17%        N/A       24%         3
 Stone Arrow              Conj/Erth      34%        3d9       24%         3
 Teleport Other           Tloc           17%        N/A       24%         3
 Ice Form                 Ice/Tmut       21%        N/A       41%         4
 Airstrike                Air            8%         2d(2-18)  52%         4
 Anguish                  Hex/Necr       8%         N/A       52%         4
 Animate Armour           Summ/Erth      34%        N/A       52%         4
 Summon Lightning Spire   Summ/Air       17%        N/A       52%         4
 Fireball                 Conj/Fire      8%         3d6       83%         5
 Plasma Beam              Fire/Air       8%         2x1d21    100%        6
 Starburst                Conj/Fire      8%         6d4       100%        6
 Lehudib's Crystal Spear  Conj/Erth      8%         10d4      100%        8


Dungeon Overview and Level Annotations

Branches:
Dungeon (6/15)
 Temple: D:4-7

Altars:
Hepliaklqana
Nemelex Xobeh
Ru
Trog

Shops:
D:2 (   D:3 :

Annotations:
D:6 4 runed translucent doors


Innate Abilities, Weirdness & Mutations

You have temporarily grown beastly horns and talons.
You have very sharp teeth.
Your uncanny sense of smell can sniff out nearby items.
Your experience applies equally to all skills.
You are partially covered in iridescent scales. (AC +2)
You are partially covered in large bone plates. (SH +4)


Message History

The cyclops is moderately wounded.
The cyclops completely misses you.
You hit the cyclops but do no damage. You claw the cyclops, but do no damage.
You headbutt the cyclops. You bite the cyclops.
The cyclops is heavily wounded.
The cyclops closely misses you.
You hit the cyclops but do no damage.
The cyclops is heavily wounded.
You hit the cyclops. You claw the cyclops.
The cyclops is heavily wounded.
The cyclops hits you!
You hit the cyclops. You claw the cyclops, but do no damage.
You headbutt the cyclops, but do no damage.
The cyclops is heavily wounded.
You hit the cyclops. You claw the cyclops.
You bite the cyclops, but do no damage.
The cyclops is severely wounded.
The cyclops hits you!
* * * LOW HITPOINT WARNING * * *
It was a potion of mutation.
You feel extremely strange.
Iridescent scales grow over part of your body.
Large bone plates grow over parts of your arms.
The cyclops hits you but does no damage.
Okay, then.
You hit the cyclops.
The cyclops is severely wounded.
You hit the cyclops but do no damage. You bite the cyclops, but do no damage.
The cyclops is severely wounded.
The cyclops closely misses you.
You hit the cyclops.
The cyclops is severely wounded.
You hit the cyclops but do no damage. You claw the cyclops.
You bite the cyclops, but do no damage.
The cyclops is severely wounded.
The cyclops barely misses you.
You hit the cyclops but do no damage.
You headbutt the cyclops, but do no damage.
The cyclops is severely wounded.
It was a potion of haste.
You feel yourself speed up. The cyclops hits you!!
You die...

8....8#.........
#8[:8##.........
######..........
#'###......
###...##..... ∆
#:##.#.#..... ∆
#.#.##.#.#.##
#C##.#)# .# ∆
#)@###.#
##....## ######
∆ ∆


You could see a cyclops.

Vanquished Creatures
  Grinder (D:4)
  A wyvern (D:5)
  3 ogres
  A phantom (D:4)
  2 scorpions
  4 jellies
  3 hounds (D:5)
  An orc priest (D:5)
  Crazy Yiuf (D:2)
  Ijyb (D:4)
  An orc wizard (D:5)
  4 gnolls
  11 adders
  An ufetubus (D:4)
  A worm (D:3)
  2 dart slugs (D:3)
  11 orcs
  7 ball pythons
  A bat (D:3)
  6 endoplasms
  4 giant cockroaches
  3 goblins
  14 hobgoblins
  2 jackals (D:3)
  9 kobolds
  5 quokkas
  A frilled lizard (D:1)
  6 rats
107 creatures vanquished.

Vanquished Creatures (others)
  46 foxfires
46 creatures vanquished.

Grand Total: 153 creatures vanquished

Notes
Turn   | Place    | Note
-------+----------+-------------------------------------------
     0 | D:1      | FishyPogo the Gnoll Transmuter began the quest for the Orb.
     0 | D:1      | Reached XP level 1. HP: 17/17 MP: 6/6
    44 | D:1      | Learned a level 1 spell: Foxfire
   305 | D:1      | Reached XP level 2. HP: 21/23 MP: 5/7
   376 | D:1      | Learned a level 2 spell: Wereblood
   799 | D:1      | Found a faded altar of an unknown god.
   805 | D:1      | Got Plato's Spellbook of Accelerants
  1046 | D:2      | Reached skill level 5 in Spellcasting
  1046 | D:2      | Reached XP level 3. HP: 28/28 MP: 4/9
  1270 | D:2      | Reached skill level 1 in Invocations
  1332 | D:2      | Found Miloe's Weapon Boutique.
  1435 | D:2      | Reached skill level 1 in Short Blades
  1435 | D:2      | Reached skill level 1 in Long Blades
  1435 | D:2      | Reached skill level 1 in Axes
  1435 | D:2      | Reached skill level 1 in Maces & Flails
  1435 | D:2      | Reached skill level 1 in Polearms
  1435 | D:2      | Reached skill level 1 in Staves
  1435 | D:2      | Reached skill level 1 in Ranged Weapons
  1435 | D:2      | Reached skill level 1 in Throwing
  1435 | D:2      | Reached skill level 1 in Armour
  1435 | D:2      | Reached skill level 1 in Stealth
  1435 | D:2      | Reached skill level 1 in Shields
  1435 | D:2      | Reached skill level 1 in Evocations
  1470 | D:2      | Learned a level 3 spell: Spider Form
  1491 | D:2      | Found a runed translucent door.
  1492 | D:2      | Noticed Crazy Yiuf
  1501 | D:2      | Killed Crazy Yiuf
  1502 | D:2      | Reached skill level 1 in Conjurations
  1502 | D:2      | Reached skill level 1 in Hexes
  1502 | D:2      | Reached skill level 1 in Summonings
  1502 | D:2      | Reached skill level 1 in Necromancy
  1502 | D:2      | Reached skill level 1 in Translocations
  1502 | D:2      | Reached skill level 1 in Fire Magic
  1502 | D:2      | Reached skill level 1 in Ice Magic
  1502 | D:2      | Reached skill level 1 in Air Magic
  1502 | D:2      | Reached skill level 1 in Earth Magic
  1502 | D:2      | Reached skill level 1 in Poison Magic
  1502 | D:2      | Reached XP level 4. HP: 24/34 MP: 2/11
  2014 | D:3      | Reached XP level 5. HP: 40/40 MP: 9/12
  2100 | D:3      | Found Ruli's Book Shop.
  2345 | D:3      | Found the +4 robe of Augmentation {Str+4 Int+4 Dex+4}
  2424 | D:3      | Found a sparkling altar of Nemelex Xobeh.
  2526 | D:4      | Reached XP level 6. HP: 42/47 MP: 14/14
  2529 | D:4      | Found a sacrificial altar of Ru.
  2921 | D:4      | Noticed Grinder
  2936 | D:4      | Killed Grinder
  2937 | D:4      | Reached skill level 5 in Dodging
  2958 | D:4      | Reached skill level 7 in Unarmed Combat
  2958 | D:4      | Reached XP level 7. HP: 23/52 MP: 11/15
  2984 | D:4      | Noticed Ijyb
  3000 | D:4      | HP: 2/52 [phantom (1)]
  3003 | D:4      | Killed Ijyb
  3382 | D:4      | Found a bloodstained altar of Trog.
  3382 | D:4      | Found a hazy altar of Hepliaklqana.
  3674 | D:5      | Entered Level 5 of the Dungeon
  3852 | D:5      | Noticed a wyvern
  3882 | D:5      | Killed a wyvern
  3883 | D:5      | Reached XP level 8. HP: 45/60 MP: 10/16
  4066 | D:5      | Identified the orb "Qeygecux" {*channel, rElec rPois rC+++
                  | Str-3}
  4410 | D:6      | Found a large runed translucent door.
  4410 | D:6      | Noticed a wraith
  4411 | D:6      | Found a large runed translucent door.
  4411 | D:6      | Noticed a yak
  4416 | D:6      | Found a large runed translucent door.
  4416 | D:6      | Found a large runed translucent door.
  4446 | D:6      | Noticed a cyclops
  4481 | D:6      | Gained mutation: You are partially covered in iridescent
                  | scales. (AC +2) [potion of mutation]
  4481 | D:6      | Gained mutation: You are partially covered in large bone
                  | plates. (SH +4) [potion of mutation]
  4487 | D:6      | Slain by a cyclops

Illustrated notes

Levels and vault maps discovered:
D:1:      wander_arrival_lonely_grave, layout_basic,
          shapermc_ecumenical_altar_rom_forum, minmay_misc_feat_encased
D:2:      layout_rooms, serial_shops, nicolae_shop_tiny_real_fake_doors,
          uniq_crazy_yiuf_cottage
D:3:      layout_rooms, nicolae_overflow_hidden_temple, serial_shops, shop
D:4:      layout_layer_cave, nicolae_ru_sacrificial_ziggurat,
          jmf_multi_god_temple, chequers_serial_rivers_room_a, uniq_ijyb,
          uniq_grinder
D:5:      layout_rooms
D:6:      layout_basic, minmay_misc_feat_square, minmay_hollow_rounded_squares,
          uniq_menkaure

Skill      XL: |  1  2  3  4  5  6  7  8 |
---------------+-------------------------+-----
Spellcasting   | 5 6 |  6.2
Invocations    | 1 2 3 |  3.9
Short Blades   | 1 2 3 |  3.5
Long Blades    | 1 2 3 |  3.5
Axes           | 1 2 3 |  3.5
Maces & Flails | 1 2 3 |  3.5
Polearms       | 1 2 3 |  3.5
Staves         | 1 2 3 |  3.5
Ranged Weapons | 1 2 3 |  3.5
Throwing       | 1 2 3 |  3.5
Armour         | 1 2 3 |  3.5
Stealth        | 1 2 3 |  3.5
Shields        | 1 2 3 |  3.5
Evocations     | 1 2 3 |  3.5
Conjurations   | 1 2 |  2.9
Hexes          | 1 2 |  2.9
Summonings     | 1 2 |  2.9
Necromancy     | 1 2 |  2.9
Translocations | 1 2 |  2.9
Fire Magic     | 1 2 |  2.9
Ice Magic      | 1 2 |  2.9
Air Magic      | 1 2 |  2.9
Earth Magic    | 1 2 |  2.9
Poison Magic   | 1 2 |  2.9
Fighting       | 3 4 |  4.4
Transmutations | 4 |  4.8
Dodging        | 5 |  5.8
Unarmed Combat | 7 |  7.5

Action                     |  1- 3 |  4- 6 |  7- 9 || total
---------------------------+-------+-------+-------++-------
  Melee: Unarmed           |    33 |       |       ||    33
         Headbutt          |    17 |    25 |    32 ||    74
         Kick              |    21 |    40 |    54 ||   115
         Bite              |     5 |    15 |    18 ||    38
         Dagger            |    86 |   158 |   187 ||   431
         Punch             |     3 |     5 |     2 ||    10
   Cast: Beastly Appendage |    27 |    21 |    19 ||    67
         Foxfire           |     1 |     5 |    20 ||    26
         Wereblood         |     1 |     3 |     1 ||     5
         Spider Form       |     1 |       |       ||     1
Ability: End Transformatio |       |     1 |       ||     1
    Use: Potion            |       |       |     5 ||     5
   Stab: Sleeping          |     1 |     1 |     4 ||     6
 Armour: Robe              |    26 |    34 |    45 ||   105
         Leather armour    |       |    23 |       ||    23
         Skin              |       |       |    19 ||    19
  Dodge: Dodged            |    61 |   109 |   106 ||   276
